 Dungeon Crawl Stone Soup version 0.16-a0-3008-g8433e14 (webtiles) character file.

200 Ratboiler the Poker (level 5, -1/27 HPs)
             Began as a Vine Stalker Wanderer on Dec 7, 2014.
             Killed from afar by an orc wizard (3 damage)
             ... with a magic dart
             ... on level 4 of the Dungeon.
             The game lasted 00:09:26 (2565 turns).

Ratboiler the Poker (Vine Stalker Wanderer)         Turns: 2565, Time: 00:09:26

Health: -1/27      AC:  6    Str: 16      XL:     5   Next: 79%
Magic:  0/11       EV:  8    Int: 11      God:
Gold:   139        SH:  5    Dex: 11 (14) Spells: 0 memorised, 8 levels left

rFire  . . .     SeeInvis .     r - +2 dagger
rCold  . . .     Clarity  .     n - +0 ring mail (curse)
rNeg   . . .     SustAb   .     v - +2 buckler
rPois  .         Gourm    .     (no helmet)
rElec  .         Spirit   +     y - +0 cloak
rCorr  .         Warding  .     (no gloves)
rMut   .         Stasis   .     (no boots)
MR     .....                    (no amulet)
Stlth  +.........               (no ring)
                                (no ring)

@: not resistant to hostile enchantments, very unstealthy
A: fangs 2, regeneration 1, magic shield, antimagic bite, no device heal 3, rot
immunity
a: no special abilities


You were on level 4 of the Dungeon.
You were hungry.

You visited 1 branch of the dungeon, and saw 4 of its levels.

You collected 139 gold pieces.

Inventory:

Hand weapons
 a - a +0 spear
 b - a +0 blowgun
 c - a +0 hand crossbow
 m - a +0 hunting sling
 r - a +2 dagger (weapon)
 u - a +0 trident
Missiles
 f - 41 bolts
 h - 15 stones
 p - 7 tomahawks (quivered)
 t - 7 poisoned needles
Armour
 n - a cursed +0 ring mail (worn)
 v - a +2 buckler (worn)
 y - a +0 cloak (worn)
Jewellery
 k - a +2 ring of dexterity {unknown}
Magical devices
 B - a wand of polymorph (2)
Scrolls
 i - 2 scrolls of teleportation
 l - a scroll of remove curse {unknown}
 o - 2 scrolls of identify {unknown}
 q - a scroll of magic mapping {unknown}
 x - 2 scrolls of recharging
Books
 d - Qiemnuvi's Collected Works on Aerial Confrontation

   Spells                             Type                      Level
   a - Shock                          Conjuration/Air              1
   b - Mephitic Cloud                 Conjuration/Poison/Air       3
Comestibles
 g - 2 bread rations
 j - 2 meat rations
 A - 5 chunks of flesh


   Skills:
 - Level 2.6 Fighting
 - Level 1.0 Short Blades
 + Level 3.8 Polearms
   Level 1.0 Bows
 - Level 1.0 Throwing
 - Level 1.0 Armour
 - Level 1.2 Stealth
 - Level 2.1 Spellcasting
   Level 3.0 Charms


You had 8 spell levels left.
You didn't know any spells.

Dungeon Overview and Level Annotations

Branches:
Dungeon (4/15)
 Temple: D:4-7

Altars:
Ashenzari
Fedhas
Ru

Annotations:
D:2 Natasha


Innate Abilities, Weirdness & Mutations

You have extremely sharp teeth.
Your natural rate of healing is unusually fast.
When hurt, damage is shared between your health and your magic reserves.
Your bite disrupts and absorbs the magic of your enemies.
Potions and wands cannot restore your health.
You are immune to rotting.


Message History

Drink which item? (? for menu, Esc to quit)
It was a potion of heal wounds.
That seemed strangely inert.
The orc wizard barely misses you.
Drink which item? (? for menu, Esc to quit)
It was a potion of resistance.
You feel protected. The orc wizard barely misses you. x2
Drink which item? (? for menu, Esc to quit)
It was a potion of degeneration.
There was something very wrong with that liquid.
You feel clumsy. The orc wizard hits you with a dagger.
Drink which item? (? for menu, Esc to quit)
It was a potion of cancellation.
Your magical effects are unravelling.
You feel magically purged.
Your resistance to elements expires.
You feel less confused.
The orc wizard points at you and mumbles some strange words.
The magic dart hits you!
You die...

#. . #.#. #... #..#
#..# #..##########
..#####...(.o((oo..
........o#########o
#######.#@##
##.###.#### #.#
##...# ##.#
#.##.###
#.#.#.....#
######.##.....##.#
#................#
#.#######.....####
#.# #.....#


You could see an orc wizard.

Vanquished Creatures
  Crazy Yiuf (D:3)
  An orc priest (D:3)
  A worker ant (D:4)
  An adder (D:3)
  A river rat (D:3)
  A giant mite (D:3)
  2 giant geckos
  6 orcs
  6 bats
  4 giant cockroaches
  15 goblins
  7 hobgoblins
  4 kobolds
  A quokka (D:3)
  2 ball pythons
  8 giant newts
  7 rats
68 creatures vanquished.

Vanquished Creatures (others)
  An orc wizard (D:4)
1 creature vanquished.

Grand Total: 69 creatures vanquished

Notes
Turn   | Place    | Note
--------------------------------------------------------------
     0 | D:1      | Ratboiler, the Vine Stalker Wanderer, began the quest for the Orb.
     0 | D:1      | Ratboiler set off with: a +2 dagger, a potion of haste, a +0 hand crossbow, Qiemnuvi's Collected Works on Aerial Confrontation, a +0 robe, 26 bolts, a bread ration
     0 | D:1      | Reached XP level 1. HP: 10/10 MP: 3/3
     0 | D:1      | Identified Qiemnuvi's Collected Works on Aerial Confrontation
    90 | D:1      | Reached skill level 1 in Short Blades
   112 | D:1      | Reached XP level 2. HP: 14/14 MP: 3/5
   953 | D:2      | Reached XP level 3. HP: 18/18 MP: 7/7
  1337 | D:3      | Noticed Natasha
  1478 | D:3      | Found a shattered altar of Ashenzari.
  1591 | D:3      | Reached skill level 1 in Polearms
  1702 | D:3      | Reached XP level 4. HP: 3/23 MP: 1/8
  1964 | D:3      | Found a sacrificial altar of Ru.
  1974 | D:3      | Found a blossoming altar of Fedhas.
  2106 | D:3      | Reached XP level 5. HP: 16/27 MP: 6/11
  2242 | D:3      | Noticed Crazy Yiuf
  2262 | D:3      | Killed Crazy Yiuf
  2561 | D:4      | HP: 1/27 [orc wizard/magic dart (3)]
  2565 | D:4      | Killed from afar by an orc wizard

Action                   |  1- 3 |  4- 6 || total
-------------------------+-------+-------++-------
Melee: Dagger            |   129 |    90 ||   219
       Spear             |    10 |    17 ||    27
 Fire: Blowgun           |       |    10 ||    10
  Use: Potion            |     1 |     4 ||     5
       Scroll            |     1 |     1 ||     2
 Stab: Sleeping          |       |     1 ||     1
  Eat: Chunk             |     3 |     2 ||     5
